 Dungeon Crawl Stone Soup version 0.22-a0-305-gd21a89c (webtiles) character file.

94 xccam the Slasher (level 4, -1/35 HPs)
             Began as a Formicid Fighter on Mar 30, 2018.
             Slain by a gnoll
             ... wielding a +0 halberd
              (6 damage)
             ... on level 2 of the Dungeon.
             The game lasted 00:01:18 (1143 turns).

xccam the Slasher (Formicid Fighter)                Turns: 1143, Time: 00:01:19

Health: -1/35      AC:  6    Str: 22    XL:     4   Next: 94%
Magic:  4/4        EV:  8    Int:  7    God:
Gold:   55         SH:  9    Dex: 10    Spells: 3/3 levels left

rFire    . . .     SeeInvis +   a - +0 long sword
rCold    . . .     Gourm    .   c - +0 shield
rNeg     . . .     Faith    .   b - +0 scale mail
rPois    .         Spirit   .   (helmet unavailable)
rElec    .         Reflect  .   (no cloak)
rCorr    .         Harm     .   (no gloves)
MR       .....                  (no boots)
Stlth    ..........             (no amulet)
HPRegen  0.11/turn              (no ring)
MPRegen  0.09/turn              (no ring)

@: no status effects
A: permanent stasis, dig shafts and tunnels, four strong arms, antennae 3
a: Dig, Shaft Self


You were on level 2 of the Dungeon.
You were hungry.

You visited 1 branch of the dungeon, and saw 2 of its levels.

You collected 55 gold pieces.

Inventory:

Hand Weapons
 a - a +0 long sword (weapon)
Armour
 b - a +0 scale mail (worn)
 c - a +0 shield (worn)
Scrolls
 g - 2 scrolls of magic mapping {unknown}
 h - 2 scrolls of teleportation {unknown}
 i - a scroll of blinking {unknown}
Potions
 d - a potion of might
 e - a potion of degeneration {unknown}
 j - a potion of flight {unknown}
 k - a potion of heal wounds {unknown}
 l - a potion of cancellation {unknown}
 m - 3 potions of magic {unknown}
Comestibles
 f - 3 rations


   Skills:
 - Level 3.2 Fighting
 + Level 4.7 Long Blades
 - Level 3.2 Armour
 - Level 3.6 Shields


You had 3 spell levels left.
You didn't know any spells.

Dungeon Overview and Level Annotations

Branches:
Dungeon (2/15)

Altars:


Innate Abilities, Weirdness & Mutations

You cannot be hasted, slowed, berserked, paralysed or teleported.
You can dig through walls and to a lower floor.
Your four strong arms can wield two-handed weapons with a shield.
You have a pair of large antennae on your head. (SInv)


Message History

The gnoll hits you with a flail! The kobold barely misses you.
The gnoll hits you from afar with a halberd!
Unknown command.
You hit the gnoll but do no damage.
The gnoll is lightly wounded.
The gnoll closely misses you.
You riposte.
You hit the gnoll.
The gnoll is moderately wounded.
The kobold hits you but does no damage.
The gnoll hits you from afar with a halberd.
* * * LOW HITPOINT WARNING * * *
You hit the gnoll.
The gnoll is severely wounded.
The gnoll hits you but does no damage. The kobold hits you but does no damage.
You block the gnoll's attack.
Unknown command.
You slash the gnoll!
You kill the gnoll!
You block the kobold's attack.
The gnoll hits you from afar with a halberd.
You die...

#.### ....... #...##
#.........# ###..###
>........##. ##...#
##>.........
###.#####.(.......# #
#...รท.#.........#
##########)..........#
.....# ###......g..#
...... #....@)...#
...... ##....K...#
...... ##.....#..#
...... ####### ...
(..... . ...... .....
.... ..#


You could see a gnoll and a kobold.

Vanquished Creatures
  A worker ant (D:2)
  4 gnolls
  An adder (D:2)
  A dart slug (D:1)
  4 giant cockroaches
  4 goblins (D:1)
  A hobgoblin (D:1)
  2 bats (D:1)
  A frilled lizard (D:1)
  4 kobolds (D:1)
  4 rats (D:1)
27 creatures vanquished.

Notes
Turn   | Place    | Note
-------+----------+-------------------------------------------
     0 | D:1      | xccam the Formicid Fighter began the quest for the Orb.
     0 | D:1      | Reached XP level 1. HP: 18/18 MP: 1/1
   130 | D:1      | Reached XP level 2. HP: 16/24 MP: 2/2
   191 | D:1      | Reached skill level 3 in Long Blades
   197 | D:1      | Reached XP level 3. HP: 22/29 MP: 3/3
   801 | D:2      | Reached skill level 4 in Long Blades
   801 | D:2      | Reached XP level 4. HP: 31/35 MP: 4/4
  1143 | D:2      | Slain by a gnoll

Vault maps used:
D:1:      sevenhm_arrival_forest_fort_large_4
D:2:      first_ration, uniq_jessica

Skill      XL: |  1  2  3 |
---------------+----------+-----
Long Blades    | 3 4 |  4.7
Fighting       | |  3.2
Armour         | |  3.2
Shields        | |  3.6

Action                   |  1- 3 |  4- 6 || total
-------------------------+-------+-------++-------
Melee: Long sword        |    77 |    16 ||    93
  Use: Potion            |       |     1 ||     1
Armor: Scale mail        |    29 |    10 ||    39
Dodge: Dodged            |    26 |    11 ||    37
Block: Shield            |    41 |    15 ||    56
       Rpst.: Long sword |    12 |     4 ||    16

Table legend:
 A = Spawn XP
 B = Non-spawn XP
 C = Spawn XP percentage of total XP
 D = Spawn monster count
 E = Non-spawn monster count
 F = Spawn count percentage of total count
 G = Total turns spent on level
                    A         B        C        D         E        F      G
               +---------+---------+-------+---------+---------+-------+---------
         Total |       0 |     135 |   0.0 |       0 |      27 |   0.0 |  1143
               +---------+---------+-------+---------+---------+-------+---------
           D:1 |       0 |      45 |   0.0 |       0 |      20 |   0.0 |   785
           D:2 |       0 |      90 |   0.0 |       0 |       7 |   0.0 |   358
               +---------+---------+-------+---------+---------+-------+---------
